 Dungeon Sprint DCSS version 0.30-a0-389-g8d7d949f56 (webtiles) character file.

Game seed: 999853099622724524

55 Darkkill the Charlatan (level 3, -5/33 HPs)
             Began as a Draconian Artificer on Dec 3, 2022.
             Slain by an iguana (6 damage)
             ... in the Dungeon (Sprint V: "Ziggurat Sprint").
             The game lasted 00:01:08 (162 turns).

Darkkill the Charlatan (Draconian Artificer)         Turns: 162, Time: 00:01:08

Health: -5/33      AC:  5    Str: 26    XL:     3   Next: 67%
Magic:  3/3        EV: 13    Int: 11    God:
Gold:   0          SH:  0    Dex: 13    Spells: 2/2 levels left

rFire   . . .      SeeInvis +    a - +9 heavy crossbow "Sniper" {vorpal, Acc+∞ SInv}
rCold   . . .      Faith    .    (shield currently unavailable)
rNeg    . . .      Spirit   .    (body armour unavailable)
rPois   .          Reflect  .    (helmet restricted)
rElec   .          Harm     .    (no cloak)
rCorr   .          Rampage  .    (no gloves)
Will    .....      NoTele   +    (no boots)
Stlth   ++........               (no amulet)
HPRegen 0.25/turn                A - +6 ring of strength
MPRegen 0.08/turn                B - +6 ring of strength

@: no status effects
A: AC +5, unfitting armour, cold-blooded
a: no special abilities


You were in the Dungeon.
You visited 1 branch

Inventory:

Hand Weapons
 a - the +9 heavy crossbow "Sniper" (weapon) {vorpal, Acc+∞ SInv}
   (You found it in the Dungeon)

   Any ammunition fired from it inflicts extra damage upon your enemies.
   Any ammunition fired from it never misses its target.
   SInv:      It lets you see invisible.
 b - the +10 dark maul {vorpal}
   (You found it in the Dungeon)

   It inflicts extra damage upon your enemies.
Armour
 Q - the +18 shield of the Gong {rElec rN+ Will+ EV-5}
   (You found it in the Dungeon)

   It is deafeningly noisy when blocking attacks.
   EV:        It affects your evasion (-5).
   rElec:     It insulates you from electricity.
   rN:        It protects you from negative energy.
   Will:      It increases your willpower.
Jewellery
 A - a +6 ring of strength (left hand)
 B - a +6 ring of strength (right hand)
Wands
 c - a wand of charming (15)
 d - a wand of iceblast (5)
 t - a wand of mindburst (7)
 u - a wand of acid (7)
 P - a wand of flame (15)
Scrolls
 j - 4 scrolls of blinking
 p - 4 scrolls of amnesia
 q - 7 scrolls of fog
 r - 5 scrolls of identify {@r1}
 s - 2 scrolls of fear
 v - 4 scrolls of enchant armour
Potions
 e - 10 potions of curing {@q1}
 f - 10 potions of heal wounds
 g - 6 potions of haste
 h - 7 potions of magic
 i - 3 potions of berserk rage
 k - 2 potions of brilliance
 l - 2 potions of invisibility
 m - 4 potions of resistance
 n - a potion of experience
 o - 5 potions of might
Miscellaneous
 C - a lightning rod (4/4)


   Skills:
 + Level 4.0 Fighting
 + Level 3.9 Dodging
 + Level 3.6 Stealth
 + Level 4.6 Evocations


You had 2 spell levels left.
You didn't know any spells.
Your spell library contained the following spells:

 Spells                   Type           Power      Damage    Failure   Level
 Cigotuvi's Dreadful Rot  Necr/Pois/Air  0%         N/A       47%         2
 Poisonous Vapours        Pois/Air       0%         N/A       47%         2
 Mephitic Cloud           Conj/Pois/Air  0%         N/A       71%         3


Dungeon Overview and Level Annotations

Branches:
Dungeon (1/1)

Altars:
Ashenzari
Cheibriados
Dithmenos
Elyvilon
Fedhas
Gozag
Hepliaklqana
Kikubaaqudgha
Makhleb
Nemelex Xobeh
Okawaru
Qazlal
Ru
Sif Muna
Trog
Uskayaw
Vehumet
Wu Jian
Xom
Yredelemnul
Zin
The Shining One
Jiyva
Lugonu

Annotations:
D 1 transporter


Innate Abilities, Weirdness & Mutations

Your plain brown scales are hard. (AC +5)
You cannot fit into any form of body armour.
You are cold-blooded and may be slowed by cold attacks.


Message History

You drop the +8 storm bow {elec, penet}.
You drop the +6 Majin-Bo {vamp, MP+6 Int+6}.
You drop the +14 obsidian axe {vorpal, Mesm Drain Fly SInv}.
Okay, then.
You feel stronger.
A - a +6 ring of strength (left hand)
You feel stronger.
B - a +6 ring of strength (right hand) Adjust to which letter? (? for menu, Esc to quit)
a - the +9 heavy crossbow "Sniper" {vorpal, Acc+∞ SInv}
O - a +0 club (weapon)
Adjust to which letter? (? for menu, Esc to quit)
b - the +10 dark maul {vorpal};
P - a wand of flame (15) (quivered)
Things that are here:
a +3 tower shield; a +3 kite shield; a +3 buckler
Items here: [[[[[[[.
Items here: )))))).
You see here a +5 lajatang.
Items here: )))).
Things that are here:
a +5 quick blade; a +5 rapier; a +5 dagger
Items here: )))).
Partly explored, unvisited transporter.
You are now empty-handed.
You drop a +0 club.
a - the +9 heavy crossbow "Sniper" (weapon)
{vorpal, Acc+∞ SInv}
Things that are here:
a +3 tower shield; a +3 kite shield; a +3 buckler
Items here: [[[[[[[.
There is a transporter here.
Welcome to arena 1.
You enter the transporter and appear at another place.
An orc and an orc priest come into view.
The orc priest shouts!
The orc shouts!
Found 4 scrolls of enchant armour and a book of Vapours.
Found a transporter.
Fire: a) +9 heavy crossbow "Sniper" {vorpal, Acc+∞ SInv}
Press: ? - help, Q - select action, (/) - cycle Shift-Dir - straight line, f - orc priest
Aim: an orc priest, wielding a +0 falchion (100% to hit)
You shoot a bolt. The bolt hits the orc priest!!
You kill the orc priest!
The orc hits you with a +0 flail!
Ouch! That really hurt!
The orc hits you but does no damage.
Your Fighting skill gained 2 levels and is now at level 3!
Your Dodging skill increases to level 3!
Your Stealth skill gained 2 levels and is now at level 2!
Your Evocations skill increases to level 4!
You have reached level 2!
You shoot a bolt. The bolt hits the orc!!
You kill the orc!
Your Stealth skill increases to level 3!
You have reached level 3!
Your experience leads to an increase in your attributes!
Your base attributes are Str 14, Int 11, Dex 11.
Increase (S)trength, (I)ntelligence, or (D)exterity?
You feel agile. x2; Your scales feel tougher.
Things that are here:
a +0 flail; a +0 leather armour; an orc corpse You see here a +0 falchion.
You pick up a book of Vapours and begin reading...
You add the spells Poisonous Vapours, Cigotuvi's Dreadful Rot and Mephitic Cloud to your library.
v - 4 scrolls of enchant armour You start resting.
HP restored.
You see here a +0 falchion.
Things that are here:
a +0 flail; a +0 leather armour; an orc corpse
There is a transporter landing site, spattered with blood here.
Things that are here:
a +0 flail; a +0 leather armour; an orc corpse You see here a +0 falchion.
There is a transporter here.
Welcome to arena 2.
You enter the transporter and appear at another place. 2 iguanas and a yak come into view.
Found three items.
Found a transporter.
Fire: a) +9 heavy crossbow "Sniper" {vorpal, Acc+∞ SInv}
Press: ? - help, Q - select action, (/) - cycle Shift-Dir - straight line, f - iguana
Aim: an iguana (asleep, 100% to hit)
You shoot a bolt. The bolt hits the iguana!
The iguana is almost dead.
The yak bellows!
Fire: a) +9 heavy crossbow "Sniper" {vorpal, Acc+∞ SInv}
Press: ? - help, Q - select action, (/) - cycle Shift-Dir - straight line, f/p - iguana
Aim: an iguana (almost dead, 100% to hit)
You shoot a bolt. The iguana hisses angrily.
The bolt hits the iguana!
You kill the iguana!
The yak barely misses you. The yak gores you!
Your Fighting skill increases to level 4!
Fire: a) +9 heavy crossbow "Sniper" {vorpal, Acc+∞ SInv}
Press: ? - help, Q - select action, (/) - cycle Shift-Dir - straight line, f - yak
Aim: a yak (100% to hit)
You shoot a bolt. The bolt hits the yak!
The yak is heavily wounded.
The yak gores you. The yak misses you. The iguana bites you! The yak gores you!
* * * LOW HITPOINT WARNING * * *
The iguana bites you.
You die...

▓▓▓▓▓▓▓▓▓▓▓▓▓
▓.8©8.▓.8©8.▓
▓.}:).▓.....▓
▓.....▓.....▓
▓.....▓..)..▓
▓.....▓..)..▓
▓.lY..▓..©..▓
▓..@..▓▓▓▓▓▓▓
▓▓▓▓▓▓▓


You could see a yak and an iguana.

Vanquished Creatures
  An orc priest (D)
  An iguana (D)
  An orc (D)
3 creatures vanquished.

Notes
Turn   | Place    | Note
-------+----------+-------------------------------------------
     0 | D        | Darkkill the Draconian Artificer began the quest for the
                  | Orb.
     0 | D        | Reached XP level 1. HP: 16/16 MP: 1/1
     0 | D        | Found a shimmering blue altar of Sif Muna.
     0 | D        | Found a bloodstained altar of Trog.
     0 | D        | Found a sacrificial altar of Ru.
     0 | D        | Found a stormy altar of Qazlal.
     0 | D        | Found an iron altar of Okawaru.
     1 | D        | Found a sparkling altar of Nemelex Xobeh.
     1 | D        | Found a blossoming altar of Fedhas.
     1 | D        | Found the +6 Majin-Bo {vamp, MP+6 Int+6}
     1 | D        | Found the +9 heavy crossbow "Sniper" {vorpal, Acc+∞ SInv}
     1 | D        | Found the +10 dark maul {vorpal}
     1 | D        | Found the +15 Maxwell's patent armour {-Cast -Tele rElec
                  | Will+ rCorr}
     1 | D        | Found the +18 shield of the Gong {rElec rN+ Will+ EV-5}
     1 | D        | Found the +14 obsidian axe {vorpal, Mesm Drain Fly SInv}
     1 | D        | Found the +7 great mace "Firestarter" {inner flame, rF++}
     1 | D        | Found the +6 shillelagh "Devastator" {shatter}
     1 | D        | Found the +11 plutonium sword {Contam Stlth-}
     1 | D        | Found the +8 lance "Wyrmbane" {slay drac, rPois rF+ rC+
                  | AC+3}
     1 | D        | Found the +9 sword of Zonguldrok {reap}
     1 | D        | Found the +13 scythe of Curses {drain, Drain}
     1 | D        | Found the +5 sword of Power {vorpal}
     1 | D        | Found the +7 mace of Variability {chain chaos}
     1 | D        | Found the +7 Singing Sword {vorpal, sonic wave}
     1 | D        | Found the +8 storm bow {elec, penet}
     3 | D        | Found a transporter.
     3 | D        | Found an ancient bone altar of Kikubaaqudgha.
     3 | D        | Found a viscous altar of Jiyva.
     3 | D        | Found a corrupted altar of Lugonu.
     3 | D        | Found a hazy altar of Hepliaklqana.
     3 | D        | Found a burning altar of Makhleb.
     3 | D        | Found an opulent altar of Gozag.
    91 | D        | Entered arena 2.
    91 | D        | Noticed an orc priest
    91 | D        | Found a transporter.
    92 | D        | Killed an orc priest
    93 | D        | Reached XP level 2. HP: 13/26 MP: 2/2
    94 | D        | Reached XP level 3. HP: 17/31 MP: 3/3
   159 | D        | Entered arena 3.
   159 | D        | Noticed a yak
   159 | D        | Found a transporter.
   162 | D        | HP: 1/33 [yak (13)]
   162 | D        | Slain by an iguana

Illustrated notes

Levels and vault maps discovered:
D:        sprint_v [room_start, room_1, room_2, room_3, room_4, room_5, room_6,
          room_7, room_8, room_9, room_10, room_11, room_12, room_13, room_14,
          room_15, room_16, room_17, room_18, room_19, room_20, room_21,
          room_22, room_23, room_24, room_25, room_26, room_27]

Skill      XL: |  1  2  3 |
---------------+----------+-----
Fighting       | 3 4 |  4.0
Dodging        | 3 |  3.9
Stealth        | 2 3 |  3.6
Evocations     | 4 |  4.6

Action                   || total
-------------------------++-------
 Fire: Heavy crossbow    ||     5
Armor: Skin              ||     1
Dodge: Dodged            ||     2

Table legend: (Time is in decaauts)
 A = Elapsed time spent in this place.
 B = Non-inter-level travel time spent in this place.
 C = Inter-level travel time spent in this place.
 D = Time resting spent in this place.
 E = Time spent auto-exploring this place.
 F = Levels seen in this place.
 G = Mean time per level.
                   A        B        C        D        E       F      G
               +--------+--------+--------+--------+--------+-----+--------+
         Total |    167 |    167 |      0 |     48 |     13 |   1 |  167.0 |
       Dungeon |    167 |    167 |      0 |     48 |     13 |   1 |  167.0 |
               +--------+--------+--------+--------+--------+-----+--------+

Top non-repeatable levels by time:
       D: 167 daAuts

Table legend:
 A = Kills in this place as a percentage of kills in entire the game.
 B = Kills by you in this place as a percentage of kills by you in the entire game.
 C = Kills by friends in this place as a percentage of kills by friends in the entire game.
 D = Other kills in this place as a percentage of other kills in the entire game.
 E = Experience gained in this place as a percentage of experience gained in the entire game.
 F = Experience gained in this place divided by the number of levels of this place that you have seen.
                   A       B       C       D       E      F
               +-------+-------+-------+-------+-------+----------------------
         Total | 100.0 | 100.0 |   N/A |   N/A | 100.0 |  79.0
       Dungeon | 100.0 | 100.0 |   N/A |   N/A | 100.0 |  79.0
               +-------+-------+-------+-------+-------+----------------------
